cohdb
Replays
Latest Replays
All Replays
Popular Replays
Top Player Replays
Match Explorer
How It Works
Community
CoH3 Stats
Reddit
Sign in to upload your games and track your stats! →
Sign in with Steam
Match 42622341
Unlisted
Match 42622341
Overview
Messages
Build Orders
End
Construct Infanterie Kompanie
Selects Breakthrough Battlegroup
Grenadier Squad
MG 42 Machine Gun Team
MG 42 Machine Gun Team
GrW 34 Mortar Team
Infanterie Officer Quarters
Selects Assault Grenadiers
Grenadier Squad
Medical Station
Construct Panzergrenadier Kompanie
Selects Smoke Bombing Run
Selects 2.5-tonne Cargo Truck
2.5-tonne Cargo Truck
Pak 40 Anti-tank Gun Team
251 Medium Carrier
Smoke Bombing Run
Selects Incendiary Bombing Run
Construct Panzer Kompanie
Incendiary Bombing Run
Sturmpanzer IV Brummbär
Grenadier Squad
Support Elements
Selects Blitzkrieg
Incendiary Bombing Run
Panzer IV Medium Tank
Incendiary Bombing Run
Pioneer Squad
Selects Blitzkrieg
Panzer IV Medium Tank
Side Skirts
Grenadier Squad
daShark 6
Cachondin
Mustache and Melons
Mörkökuningas
Granger
LeGrillePain
0
0
Comments
sign in to comment!
No comments posted yet!